 Dungeon Crawl Stone Soup version 0.29-a0-97-g88c9fad16d (webtiles) character file.

Game seed: 2867568069027399540

224 jlumianski the Firebug (level 6, 0/70 HPs)
             Began as a Hill Orc Fire Elementalist on Feb 13, 2022.
             Succumbed to a scorpion's poison
             ... on level 5 of the Dungeon.
             The game lasted 00:17:57 (3176 turns).

jlumianski the Firebug (Hill Orc Fire Elementalist) Turns: 3176, Time: 00:17:58

Health: 0/70       AC: 23    Str: 15    XL:     6   Next: 0%
Magic:  3/9        EV:  2    Int: 15    God:
Gold:   89         SH:  0    Dex: 11    Spells: 7/10 levels left

rFire   . . .      SeeInvis .   h - +0 hand axe
rCold   . . .      Faith    .   (no shield)
rNeg    . . .      Spirit   .   (armour currently unavailable)
rPois   +          Reflect  .   (helmet currently unavailable)
rElec   .          Harm     .   (cloak currently unavailable)
rCorr   .          Rampage  .   (gloves currently unavailable)
Will    .....      NoTele   +   (boots currently unavailable)
Stlth   ++........              (no amulet)
HPRegen 0.21/turn               (no ring)
MPRegen 0.11/turn               (no ring)

@: lethally poisoned (0 -> -4), tree-form, invisible, unable to read
A: stationary, stasis, torment immunity, boosted hp, (horns 1), strong 1,
evolution 1, inability to read while threatened
a: no special abilities


You were on level 5 of the Dungeon.
You were a tree.
You visited 1 branch of the dungeon, and saw 6 of its levels.

You collected 89 gold pieces.

Inventory:

Hand Weapons
 b - a +0 dagger
 f - a +0 spear
 h - a +0 hand axe (weapon)
 o - a +3 quarterstaff of chaos
 w - the +5 long sword of Paper {freeze, *Noise Will+ rCorr Dex+3}
   (You found it on level 6 of the Dungeon)

   It freezes those it strikes, dealing additional cold damage.
   It can also slow down cold-blooded creatures.
   Dex:       It affects your dexterity (+3).
   *Noise:    It may make noises in combat.
   rCorr:     It protects you from acid and corrosion.
   Will:      It increases your willpower.
 x - a +3 short sword of venom
Missiles
 d - 4 poisoned darts (quivered)
 e - 101 stones
 l - 3 boomerangs
 q - 18 bolts
Armour
 a - a +0 robe
 c - a +0 leather armour (melded)
 r - the +1 scale mail of Wu Jian's Pride {rC+ Dex+3}
   (You found it on level 2 of the Dungeon)

   Dex:       It affects your dexterity (+3).
   rC:        It protects you from cold.
 t - a +0 cloak (melded)
 v - a +1 pair of boots of stealth (melded)
Scrolls
 g - 2 scrolls of immolation
 i - a scroll of fear
 j - 3 scrolls of amnesia
 k - a scroll of teleportation
 s - a scroll of enchant weapon
 u - a scroll of blinking
Potions
 m - a potion of haste
 p - a potion of lignification
 z - a potion of mutation


   Skills:
 + Level 1.1 Fighting
 + Level 1.9 Axes
 + Level 2.1 Armour
 + Level 2.0 Dodging
 + Level 2.0 Stealth
 + Level 2.5 Spellcasting
 + Level 1.2 Conjurations
 + Level 4.8 Fire Magic


You had 7 spell levels left.
You knew the following spells:

 Your Spells              Type           Power      Damage    Failure   Level
a - Foxfire               Conj/Fire      40%        2x1d6     6%          1
b - Scorch                Fire           32%        2d6       4%          2

Your spell library contained the following spells:

 Spells                   Type           Power      Damage    Failure   Level
 Conjure Flame            Conj/Fire      10%        6-21      19%         3
 Beastly Appendage        Tmut           2%         N/A       22%         1
 Inner Flame              Hex/Fire       9%         N/A       24%         3
 Flame Wave               Conj/Fire      10%        2d5       52%         4
 Dispersal                Tloc           0%         N/A       100%        6
 Disjunction              Tloc           0%         N/A       100%        8


Dungeon Overview and Level Annotations

Branches:
Dungeon (6/15)
 Temple: D:4-7

Altars:
Elyvilon
Hepliaklqana
Nemelex Xobeh
Uskayaw

Shops:
D:1 (


Innate Abilities, Weirdness & Mutations

You are a tree.
Your roots penetrate the ground, keeping you stationary.
You cannot be teleported.
You are immune to unholy pain and torment.
Your maximum health is greatly increased.
Your equipment is partially melded.
((You have a pair of small horns on your head.))
Your muscles are strong. (Str +2)
You have hidden genetic potential.
You sometimes lose the ability to read scrolls when taking damage.


Message History

You are more poisoned.
The scorpion poisons you!
There is a stone staircase leading up here.
You feel very sick.
The scorpion is no longer more vulnerable to fire.
The bullfrog zombie hits you.
* * * LOW HITPOINT WARNING * * *
The scorpion stings you.
* * * LOW HITPOINT WARNING * * *
You climb upwards.
* * * LOW HITPOINT WARNING * * *
You feel sick.
There is a stone staircase leading down here.
Okay, then.
It was a potion of lignification.
You turn into a tree.
Your +0 cloak melds into your body.
Your +1 pair of boots of stealth melds into your body.
Your +0 leather armour melds into your body.
You feel less stealthy.
Your roots penetrate the ground.
* * * LOW HITPOINT WARNING * * *
You feel sick.
The scorpion stings you but does no damage.
It was a potion of invisibility.
You fade into invisibility!
* * * LOW HITPOINT WARNING * * *
You feel sick.
The scorpion stings you but does no damage.
Casting: Scorch (safe; 4% risk of failure)
Confirm with . or Enter, or press ? or * to list all spells.
Flames lash the scorpion.
The scorpion is heavily wounded.
The scorpion's fire resistance burns away.
* * * LOW HITPOINT WARNING * * *
You feel sick. The scorpion stings you.
* * * LOW HITPOINT WARNING * * *
Casting: Scorch (safe; 4% risk of failure)
Confirm with . or Enter, or press ? or * to list all spells.
Flames lash the scorpion.
The scorpion is burned terribly!
The scorpion is almost dead.
You die...

#.#.. .#.# ...#
..# ..#
#.#####.#
#######........
.......♣s....#
#######......#
#......#
##.....# .....#
.....# .....#
...###


You could see a scorpion (combustible).

Vanquished Creatures
  A water moccasin (D:6)
  Crazy Yiuf (D:2)
  Natasha (D:2)
  An adder (D:2)
  2 worms
  An orc (D:3)
  6 endoplasms
  2 giant cockroaches
  3 goblins
  2 hobgoblins (D:1)
  4 jackals
  A quokka (D:1)
  6 ball pythons
  4 bats
  7 frilled lizards
  10 kobolds
  5 rats
57 creatures vanquished.

Vanquished Creatures (others)
  70 foxfires
  A fungus (D:2)
  A plant (D:2)
72 creatures vanquished.

Grand Total: 129 creatures vanquished

Notes
Turn   | Place    | Note
-------+----------+-------------------------------------------
     0 | D:1      | jlumianski the Hill Orc Fire Elementalist began the quest
                  | for the Orb.
     0 | D:1      | Reached XP level 1. HP: 14/14 MP: 3/3
   240 | D:1      | Found Rebripnost's Weapon Boutique.
   265 | D:1      | Reached XP level 2. HP: 13/20 MP: 2/4
   268 | D:1      | Learned a level 2 spell: Scorch
   940 | D:1      | Reached XP level 3. HP: 26/26 MP: 5/5
  1315 | D:1      | Reached skill level 1 in Armour
  1622 | D:2      | Reached skill level 4 in Fire Magic
  1678 | D:2      | Identified the +1 scale mail of Wu Jian's Pride {rC+ Dex+3}
  1912 | D:2      | Found a runed translucent door.
  1913 | D:2      | Noticed Crazy Yiuf
  2127 | D:2      | Reached XP level 4. HP: 26/34 MP: 2/6
  2234 | D:2      | Found a faded altar of an unknown god.
  2256 | D:2      | Got Plato's Catalogue of Changing
  2368 | D:2      | Noticed Natasha
  2375 | D:2      | Killed Natasha
  2376 | D:2      | Reached skill level 1 in Axes
  2511 | D:3      | Found a white marble altar of Elyvilon.
  2511 | D:3      | Found a hide-covered altar of Uskayaw.
  2511 | D:3      | Found a hazy altar of Hepliaklqana.
  2511 | D:3      | Found a sparkling altar of Nemelex Xobeh.
  2706 | D:2      | Gained mutation: You sometimes lose the ability to read
                  | scrolls when taking damage. [potion of mutation]
  2706 | D:2      | Gained mutation: Your muscles are strong. (Str +2) [potion
                  | of mutation]
  2706 | D:2      | Gained mutation: You have hidden genetic potential. [potion
                  | of mutation]
  2775 | D:2      | Killed Crazy Yiuf
  2776 | D:2      | Reached XP level 5. HP: 34/39 MP: 1/8
  2921 | D:4      | You fall into a shaft and drop 2 floors!
  2928 | D:6      | Identified the +5 long sword of Paper {freeze, *Noise Will+
                  | rCorr Dex+3}
  3009 | D:6      | Noticed a water moccasin
  3016 | D:6      | Killed a water moccasin
  3017 | D:6      | Reached skill level 1 in Fighting
  3017 | D:6      | Reached XP level 6. HP: 40/47 MP: 1/9
  3045 | D:6      | Gained mutation: You have a pair of small horns on your
                  | head. [hidden potential]
  3172 | D:5      | Entered Level 5 of the Dungeon
  3175 | D:5      | HP: 1/70 [scorpion (4)]
  3176 | D:5      | Succumbed to a scorpion's poison

Illustrated notes

Levels and vault maps discovered:
D:1:      sevenhm_arrival_forest_fort_large_4, layout_basic, serial_shops,
          nicolae_shop_bloodbath_and_beyond
D:2:      layout_loops_cross, shapermc_ecumenical_altar_rom_forum,
          uniq_crazy_yiuf_cottage, uniq_natasha
D:3:      layout_loops_corners, chequers_temple_overflow_statue_of_worship,
          hex_large
D:4:      layout_rooms
D:5:      layout_basic, kennysheep_mini_moat, minmay_checkerbox
D:6:      layout_loops_ring, kennysheep_crisscross

Skill      XL: |  1  2  3  4  5 |
---------------+----------------+-----
Armour         | 1 2 |  2.1
Fire Magic     | 4 |  4.8
Axes           | 1 |  1.9
Spellcasting   | 2 |  2.5
Dodging        | 2 |  2.0
Fighting       | 1 |  1.1
Stealth        | 2 |  2.0
Conjurations   | |  1.2

Action                   |  1- 3 |  4- 6 || total
-------------------------+-------+-------++-------
Melee: Dagger            |     5 |       ||     5
       Hand axe          |    63 |     9 ||    72
       Punch             |     1 |       ||     1
Throw: Dart              |       |     1 ||     1
 Cast: Foxfire           |    33 |     7 ||    40
       Scorch            |    11 |    15 ||    26
  Use: Scroll            |       |     8 ||     8
       Potion            |       |     3 ||     3
 Stab: Sleeping          |     2 |       ||     2
Armor: Leather armour    |    29 |     1 ||    30
       Skin              |       |     2 ||     2
Dodge: Dodged            |    40 |     4 ||    44

Table legend: (Time is in decaauts)
 A = Elapsed time spent in this place.
 B = Non-inter-level travel time spent in this place.
 C = Inter-level travel time spent in this place.
 D = Time resting spent in this place.
 E = Time spent auto-exploring this place.
 F = Levels seen in this place.
 G = Mean time per level.
                   A        B        C        D        E       F      G
               +--------+--------+--------+--------+--------+-----+--------+
         Total |   3219 |   3118 |    101 |    223 |   1963 |   6 |  536.5 |
       Dungeon |   3219 |   3118 |    101 |    223 |   1963 |   6 |  536.5 |
               +--------+--------+--------+--------+--------+-----+--------+

Top non-repeatable levels by time:
     D:2: 1453 daAuts
     D:1: 1396 daAuts
     D:6: 250 daAuts
     D:3: 115 daAuts
     D:5: 3 daAuts
